 Dungeon Sprint DCSS version 0.20-a0-641-g673355a (webtiles) character file.

487 Kidiri the Thaumaturge (level 6, -6/38 HPs)
             Began as a Deep Elf Fire Elementalist on Feb 13, 2017.
             Was an Elder of Vehumet.
             Mangled by a polar bear (26 damage)
             ... in the Dungeon (Sprint VII: "The Pits").
             The game lasted 00:05:08 (1044 turns).

Kidiri the Thaumaturge (Deep Elf Fire Elementalist) Turns: 1044, Time: 00:05:08

Health: -6/38      AC:  2    Str:  5    XL:     6   Next: 89%
Magic:  15/20      EV: 16    Int: 22    God:    Vehumet [****..]
Gold:   0          SH:  0    Dex: 15    Spells: 2/24 levels left

rFire    . . .     SeeInvis .   r - +2 dagger (drain)
rCold    . . .     Gourm    .   a - +0 robe
rNeg     . . .     Faith    .   (no shield)
rPois    .         Spirit   .   (no helmet)
rElec    .         Reflect  .   (no cloak)
rCorr    .         Harm     .   (no gloves)
MR       .....     NoTele   +   (no boots)
Stlth    ++........             (no amulet)
Regen    0.2/turn               (no ring)
MPRegen  0.2/turn               (no ring)

@: no status effects
A: no striking features
a: Renounce Religion


You were in the Dungeon.
You worshipped Vehumet.
Vehumet was greatly pleased with you.
You were not hungry.

You visited 1 branch

Inventory:

Hand Weapons
 r - a +2 dagger of draining (weapon)
Armour
 a - a +0 robe (worn)
Scrolls
 i - a scroll of blinking
 l - 3 scrolls of remove curse
 m - 5 scrolls of amnesia
 n - a scroll of summoning
Potions
 d - 6 potions of curing
 e - 5 potions of heal wounds
 f - a potion of haste
 g - 4 potions of magic
 h - 3 potions of berserk rage
 k - 2 potions of invisibility
Books
 b - a book of Flames

   Spells                             Type                      Level
   a - Flame Tongue                   Conjuration/Fire             1
   b - Throw Flame                    Conjuration/Fire             2
   c - Conjure Flame                  Conjuration/Fire             3
   d - Inner Flame                    Hexes/Fire                   3
   e - Sticky Flame                   Conjuration/Fire             4
   f - Fireball                       Conjuration/Fire             5
Comestibles
 c - 8 bread rations
 o - 40 fruits
 p - 7 meat rations


   Skills:
 + Level 3.8 Fighting
 + Level 4.6 Short Blades
 + Level 3.7 Armour
 + Level 6.2 Dodging
 - Level 2.4 Stealth
 * Level 9.9 Spellcasting
 + Level 5.1 Conjurations
 + Level 6.5 Fire Magic
 + Level 0.7 Earth Magic
 + Level 5.0 Poison Magic


You had 2 spell levels left.
You knew the following spells:

 Your Spells              Type           Power        Failure   Level  Hunger
a - Flame Tongue          Conj/Fire      #####        1%          1    None
b - Throw Flame           Conj/Fire      #####.       1%          2    None
c - Conjure Flame         Conj/Fire      #####...     1%          3    None
d - Inner Flame           Hex/Fire       ####....     1%          3    None
e - Sticky Flame          Conj/Fire      #####...     2%          4    ##.....
f - Fireball              Conj/Fire      #####.....   4%          5    ####...
g - Sting                 Conj/Pois      ####         1%          1    None
h - Stone Arrow           Conj/Erth      ###...       2%          3    None


Dungeon Overview and Level Annotations

Branches:
Dungeon (1/1)

Altars:
Ashenzari
Cheibriados
Dithmenos
Elyvilon
Fedhas
Gozag
Hepliaklqana
Kikubaaqudgha
Makhleb
Nemelex Xobeh
Okawaru
Qazlal
Ru
Sif Muna
Trog
Uskayaw
Vehumet
Xom
Yredelemnul
Zin
The Shining One
Beogh
Jiyva
Lugonu


Message History

Unknown command.
The polar bear burns!
You feel much better.
The polar bear burns!
The polar bear bites you. The polar bear misses you. The polar bear claws you.
Unknown command.
The polar bear burns!
The polar bear burns!
The polar bear burns!
The polar bear burns!
The polar bear burns!
The polar bear goes berserk!
Unknown command.
Casting: Sticky Flame
Confirm with . or Enter, or press ? or * to list all spells.
Aiming: Conjure Flame
Press: ? - help, Dir - move target cursor, p - polar bear The fire ignites!
The polar bear burns!
The polar bear stops burning.
The polar bear is engulfed in blazing flames.
The polar bear bites you!!
Ouch! That really hurt!
You die...

#.#........##......
#'###########......
#.......# #######
#...#...# #...#...#
#.##.##.#+#
#...#...#.+
#...#...#'#
#.@h....'.#
###########


You could see a polar bear (berserk).

Vanquished Creatures
  A deep elf mage (D)
  A jelly (D)
  A river rat (D)
  A white imp (D)
  An ooze (D)
  A worm (D)
  A leopard gecko (D)
  An orc (D)
  A ball python (D)
  A bat zombie (D)
  A hobgoblin (D)
  3 jackals (D)
  A quokka (D)
  2 frilled lizards (D)
  A rat (D)
18 creatures vanquished.

Notes
Turn   | Place    | Note
-------+----------+-------------------------------------------
     0 | D        | Kidiri the Deep Elf Fire Elementalist began the quest for the Orb.
     0 | D        | Reached XP level 1. HP: 10/10 MP: 6/6
    50 | D        | Found a radiant altar of Vehumet.
    50 | D        | Found a hide-covered altar of Uskayaw.
    50 | D        | Found an ancient bone altar of Kikubaaqudgha.
    50 | D        | Found a viscous altar of Jiyva.
    50 | D        | Found a hazy altar of Hepliaklqana.
    51 | D        | Found a bloodstained altar of Trog.
    51 | D        | Found a deep blue altar of Sif Muna.
    51 | D        | Found a sacrificial altar of Ru.
    51 | D        | Found a stormy altar of Qazlal.
    51 | D        | Found an iron altar of Okawaru.
    51 | D        | Found a sparkling altar of Nemelex Xobeh.
    51 | D        | Found an opulent altar of Gozag.
    51 | D        | Found a blossoming altar of Fedhas.
    51 | D        | Found a white marble altar of Elyvilon.
    51 | D        | Found a shadowy altar of Dithmenos.
    51 | D        | Found a snail-covered altar of Cheibriados.
    52 | D        | Found a glowing golden altar of the Shining One.
    52 | D        | Found a glowing silver altar of Zin.
    53 | D        | Found a burning altar of Makhleb.
    53 | D        | Found a basalt altar of Yredelemnul.
    53 | D        | Found a roughly hewn altar of Beogh.
    54 | D        | Found a corrupted altar of Lugonu.
    54 | D        | Found a shimmering altar of Xom.
    54 | D        | Found a shattered altar of Ashenzari.
    59 | D        | Became a worshipper of Vehumet
   205 | D        | Reached * piety under Vehumet
   205 | D        | Offered knowledge of Sting by Vehumet.
   205 | D        | Reached skill level 1 in Fighting
   205 | D        | Reached skill level 4 in Spellcasting
   210 | D        | Learned a level 1 spell: Sting
   417 | D        | Offered knowledge of Searing Ray by Vehumet.
   417 | D        | Reached ** piety under Vehumet
   417 | D        | Reached XP level 2. HP: 16/16 MP: 6/9
   423 | D        | Reached skill level 1 in Short Blades
   423 | D        | Reached skill level 1 in Armour
   423 | D        | Reached skill level 1 in Poison Magic
   431 | D        | Reached *** piety under Vehumet
   439 | D        | Learned a level 2 spell: Throw Flame
   565 | D        | Offered knowledge of Stone Arrow by Vehumet.
   565 | D        | Reached skill level 5 in Spellcasting
   605 | D        | Noticed a deep elf mage
   614 | D        | Reached XP level 3. HP: 20/20 MP: 7/11
   617 | D        | Killed a deep elf mage
   617 | D        | Reached skill level 9 in Spellcasting
   617 | D        | Reached skill level 5 in Conjurations
   617 | D        | Reached XP level 4. HP: 29/29 MP: 4/17
   617 | D        | Reached XP level 5. HP: 33/33 MP: 4/19
   617 | D        | Reached XP level 6. HP: 38/38 MP: 4/20
   626 | D        | Reached **** piety under Vehumet
   634 | D        | Learned a level 3 spell: Conjure Flame
   638 | D        | Learned a level 3 spell: Inner Flame
   643 | D        | Learned a level 4 spell: Sticky Flame
   649 | D        | Learned a level 5 spell: Fireball
   653 | D        | Learned a level 3 spell: Stone Arrow
   740 | D        | Offered knowledge of Force Lance by Vehumet.
   913 | D        | Reached skill level 5 in Poison Magic
  1033 | D        | Noticed a polar bear
  1044 | D        | Mangled by a polar bear

Vault maps used:
D:        pitsprint

Skill      XL: |  1  2  3  4  5  6 |
---------------+-------------------+-----
Fighting       | 1 3 |  3.8
Spellcasting   | 4 5 9 |  9.9
Short Blades   | 1 4 |  4.6
Armour         | 1 3 |  3.7
Dodging        | 3 6 |  6.2
Fire Magic     | 4 6 |  6.5
Poison Magic   | 1 4 5 |  5.0
Conjurations   | 5 |  5.1
Stealth        | |  2.4
Earth Magic    | |  0.7

Action                   |  1- 3 |  4- 6 || total
-------------------------+-------+-------++-------
Melee: Dagger            |     8 |     1 ||     9
 Cast: Flame Tongue      |    30 |    12 ||    42
       Throw Flame       |     1 |       ||     1
       Conjure Flame     |       |     2 ||     2
       Sticky Flame      |       |     1 ||     1
  Use: Potion            |       |     1 ||     1
Armor: Robe              |     4 |     1 ||     5
Dodge: Dodged            |    21 |     7 ||    28
